 Dungeon Sprint DCSS version 0.14-a0-266-g978670c (console) character file.

6101 Dalvant the Scorcher (level 10, -4/56 HPs)
             Began as a Deep Elf Fire Elementalist on Oct 16, 2013.
             Was a Priest of Vehumet.
             Engulfed by a death drake's foul pestilence (7 damage)
             ... in the Dungeon (Sprint II: "The Violet Keep of Menkaure").
             The game lasted 00:16:14 (2472 turns).

Dalvant the Scorcher (Deep Elf Fire Elementalist)   Turns: 2472, Time: 00:16:14

HP  -4/56        AC  5     Str  5      XL: 10   Next: 49%
MP  22/32        EV 13     Int 27      God: Vehumet [***...]
Gold 357         SH  0     Dex 17      Spells:  4 memorised, 26 levels left

Res.Fire  : + . .   See Invis. : .   k - +7,+9 mace of the Bear {holy, rF+ rC- MR+ Dex+2 Int+3}
Res.Cold  : x . .   Warding    : .   d - +2 robe {MR+}
Life Prot.: . . .   Conserve   : .   (no shield)
Res.Poison: +       Res.Corr.  : .   (helmet restricted)
Res.Elec. : .       Clarity    : .   (no cloak)
Sust.Abil.: . .     Spirit.Shd : .   u - +0 pair of dwarf gloves
Res.Mut.  : .       Prev.Telep.: +   (no boots)
Res.Rott. : .       Flight     : .   (no amulet)
Saprovore : . . .                    (no ring)
                                     n - ring of poison resistance

@: mildly poisoned, very resistant to hostile enchantments, quite stealthy
A: beak, carnivore 1, spit poison 1
a: Spit Poison, Renounce Religion


You were in the Dungeon.
You worshipped Vehumet.
Vehumet was most pleased with you.
You were not hungry.

You visited 1 branch You collected 1155 gold pieces.
You spent 818 gold pieces at shops.

Inventory:

Hand weapons
 k - the +7,+9 mace of the Bear (weapon) {holy, rF+ rC- MR+ Dex+2 Int+3}
   (You bought it in a shop in the Dungeon)

   It has been blessed by the Shining One to cause great damage to the undead
   and demons.
   It affects your intelligence (+3).
   It affects your dexterity (+2).
   It protects you from fire.
   It makes you vulnerable to cold.
   It affects your resistance to hostile enchantments.
Armour
 d - a +2 robe of magic resistance (worn)
 u - a +0 pair of dwarven gloves (worn)
Comestibles
 c - 2 bread rations
 o - a meat ration
 t - a beef jerky
Scrolls
 a - 3 scrolls of enchant weapon I {unknown}
 h - 5 scrolls of identify {unknown}
 i - 2 scrolls of blinking
 l - 2 scrolls of remove curse {unknown}
 q - a scroll of magic mapping {unknown}
 s - a scroll of enchant weapon II {unknown}
 x - a scroll of curse jewellery {unknown}
Jewellery
 n - a ring of poison resistance (left hand)
Potions
 e - a potion of brilliance
 f - a potion of speed
 j - 2 potions of curing
 m - a potion of might {unknown}
 p - 3 potions of resistance {unknown}
 r - 2 potions of agility {unknown}
 v - 3 potions of magic
 w - 4 potions of flight {unknown}
Books
 b - a book of Flames

   Spells                             Type                      Level
   *Flame Tongue                      Conjuration/Fire             1
   Throw Flame                        Conjuration/Fire             2
   Conjure Flame                      Conjuration/Fire             3
   Inner Flame                        Hexes/Fire                   3
   *Sticky Flame                      Conjuration/Fire             4
   *Fireball                          Conjuration/Fire             5


   Skills:
 - Level 5.8 Fighting
 - Level 2.4 Dodging
 - Level 7.1 Stealth
 + Level 14.0 Spellcasting
 * Level 15.1 Conjurations
 + Level 16.1 Fire Magic


You had 26 spell levels left.
You knew the following spells:

 Your Spells              Type           Power        Failure   Level  Hunger
a - Flame Tongue          Conj/Fire      #####        0%          1    None
b - Fireball              Conj/Fire      #######...   1%          5    None
c - Sticky Flame          Conj/Fire      #######.     1%          4    None
A - Magic Dart            Conj           ####         0%          1    None


Dungeon Overview and Level Annotations

Branches:
Dungeon (1/1)

Altars:
Cheibriados
Elyvilon
Fedhas
Kikubaaqudgha
Makhleb
Nemelex Xobeh
Okawaru
Sif Muna
Trog
Vehumet
Xom
Yredelemnul
Zin
the Shining One
Beogh
Jiyva
Lugonu

Shops:
D %+[[!=*/![?=(*+?

Annotations:
D exclusion: oklob plant


Innate Abilities, Weirdness & Mutations

You have a beak for a mouth.
Your digestive system is specialised to digest meat.
You can spit poison.


Message History

Confirm with . or Enter, or press ? or * to list all spells.
Okay, then.
Casting: Fireball
Confirm with . or Enter, or press ? or * to list all spells.
Aiming: Fireball
Press: ? - help, Shift-Dir - straight line, f/p - death drake
Aim: a death drake (foul pestilence, almost dead)
Okay, then.
The death drake breathes miasma at you. The foul vapour hits you!
* * * LOW HITPOINT WARNING * * *
Casting: Fireball
Confirm with . or Enter, or press ? or * to list all spells.
Aiming: Fireball
Press: ? - help, Shift-Dir - straight line, p - death drake The fireball explodes!
The fireball engulfs the death drake.
The death drake is almost dead.
You are engulfed in dark miasma.
You are poisoned.
You die...

### ≈§§ ..# §§§§§§≈ ##+####.# §≈§§§8§§ +.§§#0..#
##≈§§≈§§ #.§.########## ≈##≈≈§§§ #..§#≈≈≈§§≈≈≈##
############≈≈#§'§#++ #=§###########
###########≈≈≈...§.. l#))#(((.[.[(##
##.∩.∩[...#≈≈≈≈.##+# #. .#§)#.....)..##
##..∩.∩...#≈≈≈≈##..###.#### +.##.#=)#...(((.(##
##...∩.∩..#≈≈≈≈#..##.# ...# ...#####...).).[##
##....∩.⌠.#≈≈####.#.####..## #..##.##[..[(.).##
##...∩.∩..#≈##.###'###.##..# +..#..##[.)...[.##
##..∩.∩..[#≈#...##<##.#.#..# #..#..##....)(..##
##.∩.∩....'≈'.##'.<.'###'§§####..##.##(.().(..##
##∩.∩.....#≈#...##<##.#.#§§§§###§.§#########'####+#
###########≈##.###'###.##§§..@l§§§≈≈≈≈≈≈≈≈≈≈...≈≈≈#
##!DD######≈≈####.#.####§§.§.§.§#'########§###.≈≈≈#
#%.$#HH ##≈≈≈#..#..#≈≈≈≈§§≈.§§#........#§≈§##≈≈§#
#∩P%+H.#+ +#≈###.###≈≈≈≈§≈≈≈.≈#.(.⌠....#§≈§≈#####
#$?.#[##S ≈≈ #+##≈≈§§≈≈≈§§§≈#.._._...#≈≈§§≈#
#$.$###§§ ≈≈≈≈§§§§§≈§≈#._._._..#§≈§§§≈ ##+###§≈
+#≈§§§≈§≈§≈#_._._._.#§§§≈§ #
#≈§≈###§≈#._._._._#≈≈§§≈≈ ≈ #≈≈#...._._.#≈§§≈§≈
#§§#....._._#≈§≈≈## §≈≈##########≈§≈§#
####≈≈≈≈≈≈≈≈≈≈≈§§# #≈########≈### ≈ ##


You could see a death drake (fleeing).

Vanquished Creatures
  A kraken (D)
  2 plague shamblers (D)
  A death drake (D)
  A yaktaur (D)
  3 polar bears (D)
  A baby alligator (D)
  2 hippogriffs (D)
  Menkaure (D)
  4 necrophages (D)
  A yellow wasp (D)
  A crocodile (D)
  3 agate snails (D)
  6 big fish (D)
  4 giant centipedes (D)
  3 tentacles (D)
34 creatures vanquished.

Vanquished Creatures (others)
  17 tentacles (D)
  89 tentacle segments (D)
106 creatures vanquished.

Grand Total: 140 creatures vanquished

Notes
Turn   | Place    | Note
--------------------------------------------------------------
     0 | D        | Dalvant, the Deep Elf Fire Elementalist, began the quest for the Orb.
     0 | D        | Reached XP level 1. HP: 10/10 MP: 4/4
     1 | D        | Noticed a necrophage
     1 | D        | Noticed a necrophage
     1 | D        | Noticed a necrophage
     1 | D        | Noticed a necrophage
     9 | D        | Killed a necrophage
     9 | D        | Reached skill level 4 in Stealth
     9 | D        | Reached skill level 7 in Fire Magic
     9 | D        | Reached XP level 2. HP: 15/15 MP: 3/7
     9 | D        | Reached XP level 3. HP: 20/20 MP: 3/9
     9 | D        | Reached XP level 4. HP: 24/24 MP: 4/12
    22 | D        | Killed a necrophage
    22 | D        | Reached skill level 5 in Stealth
    22 | D        | Reached skill level 5 in Conjurations
    22 | D        | Reached skill level 9 in Fire Magic
    22 | D        | Reached XP level 5. HP: 22/29 MP: 5/15
    54 | D        | Learned a level 4 spell: Sticky Flame
    60 | D        | Learned a level 5 spell: Fireball
    84 | D        | Killed a necrophage
    84 | D        | Reached skill level 10 in Fire Magic
    84 | D        | Reached XP level 6. HP: 34/34 MP: 12/18
   126 | D        | Killed a necrophage
   126 | D        | Reached skill level 5 in Fighting
   126 | D        | Reached skill level 11 in Fire Magic
   215 | D        | Found Zemnaz's Book Shoppe.
   215 | D        | Found Kalibriz's Antique Weapon Shoppe.
   215 | D        | Found Pleufiz's Magic Scroll Emporium.
   215 | D        | Found Kapsoano's General Store.
   216 | D        | Found Ohu Quah's Jewellery Emporium.
   216 | D        | Found Vuaplo's Distillery.
   216 | D        | Found Veggeig's Antique Armour Shoppe.
   216 | D        | Found Skeujiat's Jewellery Shoppe.
   216 | D        | Found Cluegoer's Assorted Antiques.
   217 | D        | Noticed a wyvern
   218 | D        | Found Qosul's Armour Shoppe.
   218 | D        | Found Clianuh's Magic Scroll Emporium.
   219 | D        | Found Ycukoabe's Magical Wand Shoppe.
   219 | D        | Found Xalovevica's Distillery.
   219 | D        | Found Ossiam's Food Shoppe.
   219 | D        | Noticed a baby alligator
   219 | D        | Noticed a wyvern
   220 | D        | Noticed an oklob plant
   222 | D        | Found Itufiust's Book Shoppe.
   223 | D        | Found Kellitoanack's Antique Armour Emporium.
   225 | D        | Noticed a griffon
   226 | D        | Noticed a griffon
   227 | D        | Noticed a griffon
   227 | D        | Bought a sedimented red potion for 22 gold pieces
   227 | D        | Bought 2 green potions for 45 gold pieces
   230 | D        | Noticed a lava snake
   240 | D        | Bought a potion of mutation for 39 gold pieces
   241 | D        | Gained mutation: You have a beak for a mouth. [potion of mutation]
   241 | D        | Gained mutation: You evolve. [potion of mutation]
   241 | D        | Gained mutation: Your digestive system is specialised to digest meat. [potion of mutation]
   243 | D        | Bought an embroidered robe for 14 gold pieces
   253 | D        | Bought a potion of heal wounds for 30 gold pieces
   255 | D        | Bought a potion of heal wounds for 30 gold pieces
   255 | D        | Bought a potion of curing for 20 gold pieces
   272 | D        | Noticed Menkaure
   297 | D        | Killed Menkaure
   323 | D        | Noticed a hippogriff
   323 | D        | Noticed a hippogriff
   333 | D        | Killed a hippogriff
   333 | D        | Reached skill level 12 in Fire Magic
   333 | D        | Reached XP level 7. HP: 5/40 MP: 14/21
   612 | D        | Killed a hippogriff
   655 | D        | Bought a crude robe for 114 gold pieces
   659 | D        | Identified the -4 robe of Wrong Decisions {MR+ Dam-3} (You bought it in a shop in the Dungeon)
   693 | D        | Reached skill level 5 in Spellcasting
   716 | D        | Bought a steaming mace for 224 gold pieces
   717 | D        | Identified the +7,+9 mace of the Bear {holy, rF+ rC- MR+ Dex+2 Int+3} (You bought it in a shop in the Dungeon)
   717 | D        | Identified the +7,+9 mace of the Bear {holy, rF+ rC- MR+ Dex+2 Int+3} (You bought it in a shop in the Dungeon)
   732 | D        | Noticed an agate snail
   732 | D        | Noticed an agate snail
   732 | D        | Noticed an agate snail
   834 | D        | Killed an agate snail
   866 | D        | Killed an agate snail
   866 | D        | Reached skill level 13 in Fire Magic
   939 | D        | Killed an agate snail
   960 | D        | Noticed an orange crystal statue
   982 | D        | Bought an uncursed ring of poison resistance for 280 gold pieces
  1055 | D        | Noticed a crocodile
  1067 | D        | Killed a baby alligator
  1067 | D        | Reached XP level 8. HP: 34/45 MP: 15/25
  1068 | D        | Killed a crocodile
  1150 | D        | Found a blossoming altar of Fedhas.
  1150 | D        | Found an ancient bone altar of Kikubaaqudgha.
  1150 | D        | Found an iron altar of Okawaru.
  1152 | D        | Found a burning altar of Makhleb.
  1152 | D        | Found a snail-covered altar of Cheibriados.
  1152 | D        | Found a corrupted altar of Lugonu.
  1152 | D        | Found a glowing silver altar of Zin.
  1153 | D        | Found a viscous altar of Jiyva.
  1153 | D        | Found a sparkling altar of Nemelex Xobeh.
  1153 | D        | Found a basalt altar of Yredelemnul.
  1154 | D        | Noticed a plague shambler
  1177 | D        | Killed a plague shambler
  1177 | D        | Reached skill level 10 in Conjurations
  1177 | D        | Reached skill level 14 in Fire Magic
  1408 | D        | Found a bloodstained altar of Trog.
  1408 | D        | Found a white marble altar of Elyvilon.
  1408 | D        | Found a roughly hewn altar of Beogh.
  1408 | D        | Noticed a yellow wasp
  1408 | D        | Noticed a polar bear
  1409 | D        | Noticed a polar bear
  1409 | D        | Found a shimmering altar of Xom.
  1409 | D        | Found a radiant altar of Vehumet.
  1409 | D        | Found a deep blue altar of Sif Muna.
  1409 | D        | Noticed a yaktaur
  1410 | D        | Noticed a polar bear
  1411 | D        | Found a glowing golden altar of the Shining One.
  1414 | D        | Noticed a big fish
  1415 | D        | Noticed a big fish
  1417 | D        | Became a worshipper of Vehumet
  1421 | D        | Noticed a big fish
  1429 | D        | Killed a polar bear
  1429 | D        | Reached skill level 10 in Spellcasting
  1429 | D        | Reached XP level 9. HP: 33/50 MP: 15/29
  1430 | D        | Killed a polar bear
  1434 | D        | Killed a polar bear
  1434 | D        | Acquired Vehumet's first power
  1434 | D        | Offered knowledge of Sandblast by Vehumet.
  1438 | D        | Killed a yellow wasp
  1440 | D        | Killed a yaktaur
  1637 | D        | Noticed a kraken
  1639 | D        | Noticed a big fish
  1784 | D        | Noticed a big fish
  1786 | D        | Noticed a big fish
  1786 | D        | Killed a big fish
  1786 | D        | Offered knowledge of Magic Dart by Vehumet.
  1787 | D        | Killed a big fish
  1897 | D        | Learned a level 1 spell: Magic Dart
  1911 | D        | Killed a big fish
  1915 | D        | Killed a big fish
  1915 | D        | Offered knowledge of Static Discharge by Vehumet.
  1917 | D        | Killed a big fish
  1917 | D        | Acquired Vehumet's second power
  1924 | D        | Killed a big fish
  2056 | D        | Gained mutation: You can spit poison. [evolution]
  2161 | D        | Killed a kraken
  2161 | D        | Offered knowledge of Airstrike by Vehumet.
  2161 | D        | Reached skill level 15 in Fire Magic
  2161 | D        | Reached XP level 10. HP: 56/56 MP: 4/32
  2271 | D        | Noticed a death drake
  2272 | D        | Noticed a death drake
  2272 | D        | Noticed a plague shambler
  2283 | D        | Killed a death drake
  2301 | D        | Killed a plague shambler
  2301 | D        | Reached skill level 15 in Conjurations
  2301 | D        | Reached skill level 16 in Fire Magic
  2463 | D        | Lost mutation: You evolve. [evolution]
  2472 | D        | Engulfed by a death drake's foul pestilence

Action                   |  1- 3 |  4- 6 |  7- 9 | 10-12 || total
-------------------------+-------+-------+-------+-------++-------
Melee: Unarmed           |     3 |    13 |       |       ||    16
       Mace              |       |       |     1 |       ||     1
 Cast: Flame Tongue      |     2 |    11 |    57 |     1 ||    71
       Sticky Flame      |       |     3 |    17 |     2 ||    22
       Fireball          |       |       |     8 |    10 ||    18
  Use: Potion            |     1 |     6 |     3 |       ||    10
